Map: Ночной сумрак РВ

Players

AMidSky - Winner!

  • Race: Terran Terran
  • Spawn Location: 11:00

Hӕtten

  • Race: Zerg Zerg
  • League: Diamond
  • Spawn Location: 5:00

VOD

Have the link to the VOD?

Description

Time

  • Played on: March 22, 2020, 5:01 a.m.
  • Length: 9:29
Show
View Real Time Build Order
Export as new Build Order

AMidSky Terran - Winner!

Build Orders: 2 Factory, Reaper Expand, Mech 

Get SALT Encoding   

  12  0:00  SCV  
  13  0:13  SCV  
  14  0:17  Supply Depot  
  14  0:25  SCV  
  15  0:38  SCV  
  15  0:40  Barracks  
  16  0:45  Refinery  
  16  0:50  SCV  
  17  1:02  SCV  
  18  1:17  SCV  
  19  1:27  Reaper  
  19  1:29  Orbital Command  
  20  1:41  Command Center  
  20  1:49  Supply Depot  
  20  1:55  SCV  
  20  1:59  Marine  
  22  2:07  SCV  
  23  2:10  Factory  
  23  2:17  Refinery  
  23  2:19  SCV  
  23  2:21  Barracks Reactor  
  24  2:31  SCV  
  25  2:43  SCV  
  25  2:54  Orbital Command  
  25  2:56  Factory  
  25  3:00  SCV  
  25  3:04  Hellion x2  
  25  3:05  Barracks Tech Lab  
  30  3:12  SCV  
  31  3:16  Orbital Command  
  31  3:24  SCV  
  32  3:32  Hellion x2  
  36  3:36  SCV  
  36  3:38  Bunker  
  36  3:41  Supply Depot  
  37  3:44  Factory  
  37  3:51  SCV  
  37  3:52  SCV  
  39  3:57  Siege Tank  
  39  3:58  Barracks Tech Lab  
  40  4:03  SCV  
  40  4:04  Supply Depot  
  41  4:10  Supply Depot  
  41  4:11  SCV  
  41  4:15  SCV  
  43  4:19  Hellion x2  
  43  4:23  SCV  
  48  4:24  Refinery  
  48  4:27  SCV, Refinery  
  48  4:30  Armory  
  49  4:32  Siege Tank  
  52  4:39  SCV x2  
  54  4:51  Supply Depot, SCV  
  54  4:52  Supply Depot  
  55  4:53  Siege Tank  
  55  4:54  Hellion  
  55  4:56  SCV  
  61  5:03  SCV  
  62  5:09  Hellion  
  64  5:16  Supply Depot  
  64  5:17  Thor  
  72  5:21  Hellion  
  72  5:25  Siege Tank  
  75  5:30  Hellion  
  77  5:37  SCV x2  
  77  5:42  Hellion  
  81  5:44  Supply Depot  
  81  5:45  Terran Vehicle Weapons Level 1  
  81  5:49  SCV x2  
  81  5:57  Thor  
  81  6:01  SCV  
  81  6:02  Cyclone  
  91  6:05  Hellion  
  91  6:06  Hellion  
  91  6:07  Supply Depot  
  91  6:09  Supply Depot  
  93  6:19  Barracks Tech Lab  
  93  6:23  Factory  
  93  6:26  Hellion  
  93  6:27  Hellion  
  93  6:32  Supply Depot  
  97  6:34  Siege Tank  
  97  6:36  Supply Depot  
  100  6:52  Siege Tank  
  100  6:53  Hellion x2  
  107  7:01  Supply Depot  
  107  7:03  Supply Depot  
  107  7:06  Thor  
  111  7:23  Hellion x2  
  111  7:24  Siege Tank  
  111  7:28  Supply Depot  
  111  7:29  SCV x2  
  120  7:31  Siege Tank  
  123  7:44  Hellion  
  123  7:45  Infernal Pre-Igniter  
  125  8:04  Siege Tank x2  
  125  8:05  Siege Tank  
  136  8:06  Hellion x2  
  136  8:30  Hellion x2  
  140  8:36  Siege Tank  
  140  8:39  Siege Tank  
  130  9:13  SCV x2  
  130  9:15  Supply Depot, Command Center  
  130  9:16  Supply Depot  
Show
View Real Time Build Order
Export as new Build Order

Hӕtten Zerg 

Build Orders: Hatch First 

Get SALT Encoding   

  12  0:02  Drone  
  13  0:13  Overlord  
  13  0:16  Drone  
  14  0:31  Drone x2  
  16  0:48  Hatchery  
  15  0:52  Drone  
  15  0:55  Drone  
  17  0:58  Drone  
  18  1:10  Extractor  
  17  1:15  Spawning Pool  
  17  1:17  Drone  
  17  1:20  Drone  
  18  1:29  Drone  
  19  1:39  Drone  
  20  1:50  Drone  
  21  2:01  Queen x2  
  21  2:02  Zergling x2  
  21  2:03  Zergling x2  
  27  2:11  Metabolic Boost  
  27  2:13  Drone, Overlord  
  26  2:48  Hatchery  
  26  2:49  Drone x3  
  26  2:50  Drone x3  
  31  2:58  Queen  
  31  3:01  Overlord  
  33  3:15  Drone x3  
  33  3:16  Overlord  
  36  3:32  Zergling x8  
  40  3:39  Queen  
  40  3:40  Queen  
  44  3:43  Drone x4  
  44  3:47  Drone  
  44  3:48  Drone  
  49  4:17  Extractor  
  49  4:18  Queen  
  49  4:20  Roach Warren  
  49  4:22  Evolution Chamber, Queen x2  
  49  4:24  Overlord x2  
  52  4:25  Evolution Chamber  
  52  4:27  Drone, Extractor  
  51  4:46  Drone x3  
  51  4:47  Drone x2  
  51  4:48  Drone x2  
  51  4:49  Drone x2  
  60  5:03  Lair  
  60  5:07  Pneumatized Carapace  
  60  5:08  Drone x2  
  60  5:13  Drone  
  60  5:14  Drone x3  
  66  5:18  Overlord  
  66  5:19  Overlord  
  66  5:26  Hatchery  
  65  5:41  Zerg Melee Weapons Level 1  
  65  5:44  Zerg Missile Weapons Level 1  
  65  5:49  Roach  
  67  6:07  Glial Reconstitution  
  67  6:15  Overseer  
  67  6:19  Queen x2  
  67  6:20  Queen  
  67  6:21  Roach x2  
  67  6:24  Drone x5  
  82  6:26  Overlord x3  
  82  6:27  Extractor, Overlord  
  82  6:28  Extractor  
  80  6:52  Roach x8  
  96  6:57  Extractor  
  95  7:02  Ravager  
  95  7:05  Drone x5  
  95  7:06  Drone  
  95  7:07  Zergling x2  
  95  7:08  Zergling x12  
  109  7:21  Roach  
  109  7:22  Roach x3  
  117  7:34  Drone x3  
  115  7:47  Roach x5  
  117  7:51  Ravager  
  117  7:52  Ravager  
  117  7:53  Overlord x4  
  119  8:08  Overlord x4  
  119  8:12  Roach x5  
  125  8:28  Roach x9  
  143  8:39  Roach x7  
  136  8:49  Roach x3  
  134  8:58  Roach x6  
  138  9:09  Roach x4  
Tags
 
Add a new tag
Caveats
  • Supply blocks, unpowered buildings, or Contaminate may cause inaccurate times.
  • Supply counts are checked every 10 seconds.